 Dungeon Crawl Stone Soup version 0.19.5 (webtiles) character file.

186 Da5id the Basher (level 5, 54/54 HPs)
             Began as an Ogre Berserker on Mar 3, 2017.
             Was a Follower of Trog.
             Quit the game on level 3 of the Dungeon.
             The game lasted 00:03:09 (2438 turns).

Da5id the Basher (Ogre Berserker)                   Turns: 2438, Time: 00:03:10

Health: 54/54      AC:  5    Str: 23    XL:     5   Next: 66%
Magic:  5/5        EV: 10    Int:  4    God:    Trog [*.....]
Gold:   145        SH:  0    Dex: 11    Spells: 0 memorised, 4 levels left

rFire  . . .     SeeInvis .     l - +1 whip (venom)
rCold  . . .     Gourm    .     b - +0 animal skin
rNeg   . . .     Faith    .     (no shield)
rPois  .         Spirit   .     (helmet restricted)
rElec  .         Reflect  .     e - +1 cloak
rCorr  .         Harm     .     (gloves unavailable)
MR     +....                    (boots unavailable)
Stlth  +.........               (no amulet)
                                (no ring)
                                g - ring of protection from magic

@: no status effects
A: unfitting armour, agile 1, dopey 1, slow regeneration 1, tough skin 1
a: Berserk, Burn Spellbooks, Renounce Religion


You were on level 3 of the Dungeon.
You worshipped Trog.
Trog was aware of your devotion.
You were not hungry.

You visited 1 branch of the dungeon, and saw 4 of its levels.

You collected 145 gold pieces.

Inventory:

Hand Weapons
 a - a +0 mace
 l - a +1 whip of venom (weapon)
Armour
 b - a +0 animal skin (worn)
 e - a +1 cloak (worn)
Jewellery
 g - a ring of protection from magic (left hand)
Wands
 o - a wand of polymorph (14/24)
Scrolls
 n - 2 scrolls of teleportation {unknown}
 q - 3 scrolls of recharging {unknown}
Potions
 i - a potion of haste
 j - a potion of agility {unknown}
 k - a potion of curing
 m - a potion of resistance {unknown}
 s - a potion of heal wounds {unknown}
Comestibles
 c - 2 bread rations
 p - 4 chunks of flesh


   Skills:
 - Level 4.0 Fighting
 + Level 8.1 Maces & Flails
 - Level 2.6 Dodging


You had 4 spell levels left.
You didn't know any spells.

Dungeon Overview and Level Annotations

Branches:
Dungeon (4/15)
 Temple: D:4-7

Altars:
Elyvilon
Zin
The Shining One


Innate Abilities, Weirdness & Mutations

You are too large for most types of armour.
You have tough skin. (AC +1)
You are agile. (Dex +2)
You are dopey. (Int -2)
You regenerate slowly when monsters are visible.


Message History

No target in view!
No target in view!
No target in view!
No target in view!
No target in view!
As you read the scroll labeled MIKEET QEFYSO, it crumbles to dust.
It is a scroll of identify.
h - a potion of mutation
As you read the scroll of identify, it crumbles to dust.
i - a potion of haste
As you read the scroll labeled PAQABROKAR, it crumbles to dust.
You feel as if something is helping you.
It was a scroll of remove curse.
Drop what? 17/52 slots (_ for help) (? for menu, Esc to quit)
You remove your -2 ring of evasion.
You drop a -2 ring of evasion.
You feel extremely strange.
You feel stupid.
You feel agile.
Your regeneration weakens near monsters.
Are you sure you want to abandon this character and quit the game? (Confirm with "yes".)

#[.. # ..# .. ...
... #.# .... #[#
..... #.##
>.....#####..#####
#..@.........#
......######.###.#
....# #....# ...
#....# .# . # #....#
..#
.###.#....####.#####
.§.................#
#####..............#
♣♣♣♣♣♣♣.........#


There were no monsters in sight!

Vanquished Creatures
  A bullfrog (D:3)
  A hound (D:4)
  Terence (D:2)
  Ijyb (D:2)
  A worm (D:2)
  A leopard gecko (D:1)
  6 bats
  A giant cockroach (D:3)
  7 goblins
  6 hobgoblins (D:1)
  3 jackals (D:1)
  2 frilled lizards
  3 kobolds (D:1)
  2 rats
36 creatures vanquished.

Notes
Turn   | Place    | Note
-------+----------+-------------------------------------------
     0 | D:1      | Da5id the Ogre Berserker began the quest for the Orb.
     0 | D:1      | Reached XP level 1. HP: 24/24 MP: 1/1
   314 | D:1      | Reached XP level 2. HP: 16/32 MP: 2/2
   687 | D:1      | Reached skill level 5 in Maces & Flails
  1456 | D:1      | Reached XP level 3. HP: 34/39 MP: 3/3
  2016 | D:2      | Noticed Terence
  2023 | D:2      | Noticed Ijyb
  2023 | D:2      | Killed Terence
  2023 | D:2      | Reached skill level 6 in Maces & Flails
  2034 | D:2      | Killed Ijyb
  2034 | D:2      | Reached XP level 4. HP: 48/48 MP: 4/4
  2134 | D:2      | You fall through a shaft for 2 floors!
  2155 | D:4      | Reached skill level 7 in Maces & Flails
  2162 | D:3      | Found a glowing silver altar of Zin.
  2162 | D:3      | Found a glowing golden altar of the Shining One.
  2163 | D:3      | Found a white marble altar of Elyvilon.
  2177 | D:3      | Noticed a bullfrog
  2187 | D:3      | Killed a bullfrog
  2187 | D:3      | Reached skill level 8 in Maces & Flails
  2187 | D:3      | Reached XP level 5. HP: 35/54 MP: 5/5
  2437 | D:3      | Gained mutation: You are dopey. (Int -2) [potion of mutation]
  2437 | D:3      | Gained mutation: You are agile. (Dex +2) [potion of mutation]
  2437 | D:3      | Gained mutation: You regenerate slowly when monsters are visible. [potion of mutation]
  2438 | D:3      | Quit the game

Skill      XL: |  1  2  3  4 |
---------------+-------------+-----
Maces & Flails | 5 6 8 |  8.1
Fighting       | |  4.0
Dodging        | |  2.6

Action                   |  1- 3 |  4- 6 || total
-------------------------+-------+-------++-------
Melee: Mace              |    65 |       ||    65
       Whip              |    46 |    31 ||    77
Invok: Berserk           |     2 |     1 ||     3
  Use: Scroll            |       |     3 ||     3
       Potion            |       |     1 ||     1
 Stab: Sleeping          |     1 |       ||     1
  Eat: Chunk             |     4 |     4 ||     8
Armor: Animal skin       |    32 |    25 ||    57
Dodge: Dodged            |    65 |    22 ||    87
